 Dungeon Crawl Stone Soup version 0.21.0-3-g78d12a8 (webtiles) character file.

255 Megalobster the Cudgeler (level 6, -6/38 HPs)
             Began as a Gargoyle Monk on Jan 17, 2018.
             Mangled by an orc
             ... wielding a +0 mace
              (7 damage)
             ... on level 3 of the Dungeon.
             The game lasted 00:03:38 (1917 turns).

Megalobster the Cudgeler (Gargoyle Monk)            Turns: 1917, Time: 00:03:40

Health: -6/38      AC:  6    Str: 16    XL:     6   Next: 15%
Magic:  6/6        EV: 13    Int: 11    God:
Gold:   48         SH:  0    Dex: 12    Spells: 5/5 levels left

rFire    . . .     SeeInvis .   a - +0 mace
rCold    . . .     Gourm    .   (no shield)
rNeg     + . .     Faith    .   b - +0 robe
rPois    ∞         Spirit   .   (no helmet)
rElec    +         Reflect  .   (no cloak)
rCorr    .         Harm     .   (no gloves)
MR       .....                  (no boots)
Stlth    ++........             (no amulet)
HPRegen  0.12/turn              (no ring)
MPRegen  0.10/turn              (no ring)

@: no status effects
A: negative energy resistance 1, electricity resistance, unbreathing,
petrification resistance, rot immunity, AC +4
a: no special abilities


You were on level 3 of the Dungeon.
You were not hungry.

You visited 1 branch of the dungeon, and saw 3 of its levels.

You collected 48 gold pieces.

Inventory:

Hand Weapons
 a - a +0 mace (weapon)
 j - a +0 scythe
Missiles
 h - 3 tomahawks (quivered)
Armour
 b - a +0 robe (worn)
 q - a +0 plate armour
 r - a +0 pair of gloves
Wands
 p - a wand of digging (18)
Scrolls
 f - 3 scrolls of remove curse {unknown}
 l - 2 scrolls of enchant weapon {unknown}
 o - 2 scrolls of magic mapping {unknown}
Potions
 d - 2 potions of brilliance {unknown}
 e - a potion of agility {unknown}
 g - 2 potions of resistance {unknown}
 k - 2 potions of curing {unknown}
 m - a potion of degeneration {unknown}
 n - a potion of heal wounds {unknown}
Comestibles
 c - 4 rations
 i - 2 chunks of flesh


   Skills:
 + Level 4.1 Fighting
 * Level 4.5 Maces & Flails
 + Level 2.3 Armour
 + Level 3.1 Dodging
 + Level 3.7 Stealth


You had 5 spell levels left.
You didn't know any spells.

Dungeon Overview and Level Annotations

Branches:
Dungeon (3/15)

Altars:
Zin


Innate Abilities, Weirdness & Mutations

You are resistant to torment.
Your stone body is resilient. (AC +4)
You are immune to poison.
You resist negative energy. (rN+)
You are resistant to electric shocks. (rElec)
You can survive without breathing.
You are immune to petrification.
You are immune to rotting.


Message History

The orc closely misses you. The orc misses you. x2
The orc barely misses you. The orc completely misses you. The orc misses you.
Things that are here:
a dagger; a robe; an orc corpse You hit the orc.
The orc is moderately wounded.
The orc hits you with a club.
* * * LOW HITPOINT WARNING * * *
The orc hits you but does no damage. The orc hits you with a mace.
* * * LOW HITPOINT WARNING * * *
You take 3 damage, and have 2/38 hp.
You closely miss the orc.
The orc is lightly wounded.
The orc hits you but does no damage. x3
You closely miss the orc.
The orc is lightly wounded.
The orc hits you with a club.
* * * LOW HITPOINT WARNING * * *
The orc barely misses you. The orc hits you with a mace!
You die...

###+### #.....#
#....(##. #.....##.#
#.....# .. #.....#
#.###+####### #.?...#
#..#........#
#.....####.#........#
#..... #.....##.....
#.....# ..$...
####### ...!..


You could see 3 orcs.

Vanquished Creatures
  Sigmund (D:2)
  An orc wizard (D:3)
  Terence (D:2)
  3 adders (D:2)
  2 dart slugs
  A giant cockroach (D:3)
  5 hobgoblins
  4 bats
  2 frilled lizards
  6 goblins
  5 kobolds
  4 rats
35 creatures vanquished.

Notes
Turn   | Place    | Note
-------+----------+-------------------------------------------
     0 | D:1      | Megalobster the Gargoyle Monk began the quest for the Orb.
     0 | D:1      | Reached XP level 1. HP: 14/14 MP: 1/1
   313 | D:1      | Reached XP level 2. HP: 10/19 MP: 2/2
   760 | D:2      | Reached skill level 1 in Armour
   760 | D:2      | Reached XP level 3. HP: 14/23 MP: 3/3
   927 | D:2      | Noticed Sigmund
   944 | D:2      | Killed Sigmund
   944 | D:2      | Reached XP level 4. HP: 16/29 MP: 4/4
   944 | D:2      | Reached XP level 5. HP: 18/33 MP: 5/5
  1271 | D:2      | Found a glowing silver altar of Zin.
  1431 | D:2      | Noticed Terence
  1444 | D:2      | Killed Terence
  1649 | D:2      | Reached XP level 6. HP: 33/38 MP: 6/6
  1917 | D:3      | HP: 1/38 [orc/club (1)]
  1917 | D:3      | Mangled by an orc

Skill      XL: |  1  2  3  4  5 |
---------------+----------------+-----
Armour         | 1 2 |  2.3
Maces & Flails | 4 |  4.5
Stealth        | 3 |  3.7
Dodging        | 3 |  3.1
Fighting       | 4 |  4.1

Action                   |  1- 3 |  4- 6 || total
-------------------------+-------+-------++-------
Melee: Mace              |    59 |    82 ||   141
 Stab: Sleeping          |     3 |     4 ||     7
  Eat: Chunk             |       |     3 ||     3
Armor: Robe              |    26 |    30 ||    56
Dodge: Dodged            |    39 |    66 ||   105
